 Dungeon Crawl Stone Soup version 0.27.1-34-g3ba077fa99 (webtiles) character file.

Game seed: 5151059684332115872

85 testman the Stinger (level 4, 0/30 HPs)
             Began as a Demonspawn Venom Mage on Dec 27, 2021.
             Was a Believer of Jiyva.
             Slain by a scorpion (3 damage)
             ... on level 3 of the Dungeon on Jan 10, 2022.
             The game lasted 00:21:23 (2675 turns).

testman the Stinger (Demonspawn Venom Mage)         Turns: 2675, Time: 00:21:24

Health: 0/30       AC:  2    Str:  8    XL:     4   Next: 25%
Magic:  5/7        EV: 12    Int: 18    God:    Jiyva [**....]
Gold:   84         SH:  0    Dex: 13    Spells: 1/7 levels left

rFire    . . .     SeeInvis .   m - +0 trident
rCold    . . .     Faith    .   (no shield)
rNeg     . . .     Spirit   .   a - +0 robe
rPois    .         Reflect  .   (no helmet)
rElec    .         Harm     .   (no cloak)
rCorr    .         Rampage  .   (no gloves)
Will     .....                  (no boots)
Stlth    +.........             (no amulet)
HPRegen  0.10/turn              (no ring)
MPRegen  0.10/turn              (no ring)

@: lethally poisoned (0 -> -7), very slow
A: talons 1
a: Renounce Religion, Request Jelly


You were on level 3 of the Dungeon.
You worshipped Jiyva.
Jiyva was pleased with you.
You visited 1 branch of the dungeon, and saw 3 of its levels.

You collected 84 gold pieces.

Inventory:

Hand Weapons
 c - a +0 short sword
 m - a +0 trident (weapon)
Missiles
 d - 11 stones
 h - 14 poisoned darts (quivered)
Armour
 a - a +0 robe (worn)
Scrolls
 b - a scroll of enchant weapon {unknown}
 f - a scroll of brand weapon {unknown}
 i - 2 scrolls of teleportation {unknown}
 j - a scroll of identify {unknown}
 l - a scroll of fear {unknown}
Potions
 e - a potion of degeneration {unknown}
 g - a potion of curing {unknown}
 k - a potion of attraction {unknown}


   Skills:
 - Level 1.7 Dodging
 - Level 1.7 Stealth
 - Level 2.0 Spellcasting
 - Level 1.0 Conjurations
 - Level 1.4 Transmutations
 + Level 1.7 Air Magic
 + Level 4.1 Poison Magic


You had one spell level left.
You knew the following spells:

 Your Spells              Type           Power      Damage    Failure   Level
a - Sting                 Tmut/Pois      44%        1d5       6%          1
b - Poisonous Vapours     Pois/Air       24%        N/A       9%          2
c - Mephitic Cloud        Conj/Pois/Air  10%        N/A       22%         3

Your spell library contained the following spells:

 Spells                   Type           Power      Damage    Failure   Level
 Olgreb's Toxic Radiance  Pois           16%        N/A       32%         4


Dungeon Overview and Level Annotations

Branches:
Dungeon (3/15)

Altars:
Jiyva

Shops:
D:2 ((


Innate Abilities, Weirdness & Mutations

You have sharp toenails.


Message History

You hear a splatter.
You hear a distant slurping noise.
Jiyva appreciates your sacrifice.
You enter the shallow water.
Moving in this stuff is going to be slow.
You hear a slurping noise.
The adder hisses angrily.
The adder bites you but does no damage.
You closely miss the adder. The adder misses you.
The jelly hits the scorpion but does no damage.
You barely miss the adder. The adder barely misses you. x2
Your unstable footing causes you to fumble your attack.
The adder closely misses you. The adder bites you. The scorpion stings you!
You are lethally poisoned!
The scorpion poisons you!
Your unstable footing causes you to fumble your attack.
* * * LOW HITPOINT WARNING * * *
You feel very sick. The adder closely misses you.
The scorpion splashes around in the water.
Okay, then.
Casting: Sting (safe; 6% risk of failure)
Confirm with . or Enter, or press ? or * to list all spells.
Aiming: Sting (safe; 6% risk of failure)
Press: ? - help, Shift-Dir - straight line, f - scorpion
Aim: a scorpion (71% to hit)
The sting hits the scorpion.
The scorpion is poisoned.
The scorpion is lightly wounded.
* * * LOW HITPOINT WARNING * * *
You feel sick. The adder barely misses you. The scorpion barely misses you.
The adder closely misses you.
Casting: Sting (safe; 6% risk of failure)
Confirm with . or Enter, or press ? or * to list all spells.
Aiming: Sting (safe; 6% risk of failure)
Press: ? - help, Shift-Dir - straight line, f - adder, p - scorpion
Aim: an adder (53% to hit)
The sting misses the adder.
* * * LOW HITPOINT WARNING * * *
You feel sick. The scorpion stings you.
You die...

#..............#.#
#....J.........#.#######
#....................^..
#.......#####.#.........
#....(..# #.#.........
#..(....# #...........
#.†.....######.#..######
...............#########
...............s@S≈≈≈≈.≈
...##..........#########
...##.............
...##...............
$..##................
.####................ .
#................
................


You could see a scorpion (poisoned) and an adder.

Vanquished Creatures
  Terence (D:3)
  An adder (D:2)
  A dart slug (D:2)
  3 orcs (D:3)
  4 ball pythons
  6 bats
  2 endoplasms (D:1)
  A giant cockroach (D:1)
  5 goblins
  3 hobgoblins
  4 jackals (D:1)
  A quokka (D:2)
  3 frilled lizards
  2 kobolds (D:1)
  5 rats
42 creatures vanquished.

Vanquished Creatures (others)
  A dart slug (D:1)
  An endoplasm (D:3)
  A goblin (D:2)
  A hobgoblin (D:2)
  A kobold (D:2)
  2 quokkas
  2 ball pythons (D:2)
  A frilled lizard (D:2)
10 creatures vanquished.

Grand Total: 52 creatures vanquished

Notes
Turn   | Place    | Note
-------+----------+-------------------------------------------
     0 | D:1      | testman the Demonspawn Venom Mage began the quest for the
                  | Orb.
     0 | D:1      | Reached XP level 1. HP: 13/13 MP: 3/3
    33 | D:1      | Reached skill level 1 in Transmutations
   259 | D:1      | Gained mutation: You have sharp toenails. [demonic
                  | ancestry]
   259 | D:1      | Reached XP level 2. HP: 19/19 MP: 1/5
   262 | D:1      | Learned a level 2 spell: Poisonous Vapours
   627 | D:1      | Found a faded altar of an unknown god.
   646 | D:1      | Became a worshipper of Jiyva Jiatacsi the Shapeless
   646 | D:1      | Reached * piety under Jiyva
  1081 | D:2      | Found Cuatett's Antique Weapon Shoppe.
  1107 | D:2      | Reached skill level 1 in Air Magic
  1210 | D:2      | Reached ** piety under Jiyva
  1305 | D:2      | Found Viajil's Weapon Shop.
  1308 | D:2      | Upgraded the game from 0.27.1-33-g824d729ab1 to
                  | 0.27.1-34-g3ba077fa99
  1390 | D:2      | Reached XP level 3. HP: 23/24 MP: 6/6
  1444 | D:2      | Learned a level 3 spell: Mephitic Cloud
  2500 | D:3      | Noticed Terence
  2531 | D:3      | Killed Terence
  2532 | D:3      | Reached skill level 1 in Conjurations
  2532 | D:3      | Reached skill level 4 in Poison Magic
  2532 | D:3      | Reached XP level 4. HP: 10/30 MP: 2/7
  2665 | D:3      | Noticed a scorpion
  2675 | D:3      | Slain by a scorpion

Illustrated notes

Levels and vault maps discovered:
D:1:      doesnt_arrival_eight_statues, layout_loops_ring,
          basic_ecumenical_altar
D:2:      layout_loops_cross, serial_shops,
          nicolae_shop_temple_entry_statues_fountains, shop, minmay_liquid_box,
          minmay_pentomino_z4
D:3:      layout_basic, portal_sewer_entry_d, grunt_ministairs_12,
          supply_closet_lemuel, uniq_jessica, uniq_terence

Skill      XL: |  1  2  3 |
---------------+----------+-----
Transmutations | 1 |  1.4
Air Magic      | 1 |  1.7
Conjurations   | 1 |  1.0
Poison Magic   | 4 |  4.1
Dodging        | |  1.7
Stealth        | |  1.7
Spellcasting   | |  2.0

Action                   |  1- 3 |  4- 6 || total
-------------------------+-------+-------++-------
Melee: Unarmed           |    12 |       ||    12
       Short sword       |    88 |       ||    88
       Kick              |    15 |       ||    15
       Trident           |    11 |     6 ||    17
 Cast: Sting             |    24 |     2 ||    26
       Poisonous Vapours |    10 |       ||    10
 Stab: Sleeping          |     1 |       ||     1
Armor: Robe              |    25 |     1 ||    26
Dodge: Dodged            |    94 |     9 ||   103
